 Dungeon Crawl Stone Soup version 0.19.5 (webtiles) character file.

49 lauthentik the Sneak (level 3, -1/24 HPs)
             Began as a Vampire Enchanter on Mar 31, 2017.
             Slain by a bullfrog zombie (2 damage)
             ... on level 3 of the Dungeon.
             The game lasted 00:04:10 (2051 turns).

lauthentik the Sneak (Vampire Enchanter)            Turns: 2051, Time: 00:04:11

Health: -1/24      AC:  3    Str:  7    XL:     3   Next: 51%
Magic:  5/6        EV: 13    Int: 18    God:
Gold:   56         SH:  0    Dex: 19    Spells: 3 memorised, 0 levels left

rFire  . . .     SeeInvis +     a - +1 dagger
rCold  + . .     Gourm    .     b - +1 robe
rNeg   + + .     Faith    .     (no shield)
rPois  +         Spirit   .     (no helmet)
rElec  .         Reflect  .     (no cloak)
rCorr  .         Harm     .     (no gloves)
MR     .....                    (no boots)
Stlth  ++++......               r - amulet of magic regeneration
                                (no ring)
                                g - +5 ring of dexterity

@: regenerating slowly
A: fangs 3, see invisible, unbreathing
a: Bat Form


You were on level 3 of the Dungeon.
You were near bloodless.

You visited 1 branch of the dungeon, and saw 3 of its levels.

You collected 56 gold pieces.

Inventory:

Hand Weapons
 a - a +1 dagger (weapon)
Armour
 b - a +1 robe (worn)
Jewellery
 g - a +5 ring of dexterity (left hand)
 r - an amulet of magic regeneration (around neck)
Scrolls
 e - 2 scrolls of teleportation {unknown}
 f - 2 scrolls of identify {unknown}
 k - a scroll of fear {unknown}
 m - 2 scrolls of magic mapping {unknown}
Potions
 d - 5 potions of blood
 h - a potion of ambrosia {unknown}
 i - a potion of agility {unknown}
 j - a potion of heal wounds {unknown}
 l - 2 potions of invisibility {unknown}
 n - a potion of berserk rage {unknown}
 o - 2 potions of curing {unknown}
 p - a potion of might {unknown}
 q - a potion of cure mutation {unknown}
Books
 c - a book of Maledictions

   Spells                             Type                      Level
   a - Corona                         Hexes                        1
   b - Ensorcelled Hibernation        Hexes/Ice                    2
   c - Confuse                        Hexes                        3
   d - Tukima's Dance                 Hexes                        3
   e - Dazzling Spray                 Conjuration/Hexes            3


   Skills:
 + Level 0.1 Fighting
 + Level 1.7 Short Blades
 + Level 2.4 Dodging
 + Level 5.3 Stealth
 + Level 2.3 Spellcasting
 + Level 4.9 Hexes
 + Level 0.6 Ice Magic


You couldn't memorise any spells.
You knew the following spells:

 Your Spells              Type           Power        Failure   Level  Hunger
a - Ensorcelled Hibernat  Hex/Ice        ##....       12%         2    ##.....
b - Corona                Hex            ###....      1%          1    #......
c - Confuse               Hex            ###.....     10%         3    ###....


Dungeon Overview and Level Annotations

Branches:
Dungeon (3/15)

Altars:

Annotations:
D:3 Inkary's ghost, weakling MiFi


Innate Abilities, Weirdness & Mutations

You heal slowly.
You have razor-sharp teeth.
You have supernaturally acute eyesight. (SInv)
You can survive without breathing.


Message History

Aiming: Confuse
Press: ? - help, Shift-Dir - straight line, f/p - Inkary's ghost
Aim: Inkary's ghost (chance to defeat MR: 50%) Inkary's ghost resists with some effort.
Inkary's ghost closely misses you. Inkary's ghost barely misses you.
A bullfrog zombie comes into view.
A gnoll comes into view. It is wielding a club.
The gnoll shouts!
The bullfrog zombie hits you but does no damage.
The gnoll hits you with a club!
* * * LOW HITPOINT WARNING * * *
An adder comes into view.
The bullfrog zombie hits you.
* * * LOW HITPOINT WARNING * * *
A gnoll comes into view. It is wielding a spear.
Found a stone staircase leading up.
Found a scale mail and a robe.
The bullfrog zombie hits you.
You die...

##. [... .<.. ...
....... ..... .. .......
.S.### #.##...... ...##
#..#......
####g###..######........
.......@Z.........$.$...
.......###g.............
....... ##.g.........#.
..[.... #.....†.....#.
###########.W...........
#.....#.............
#....W..............
#.....#.............
#.....#######..#..#.


You could see 3 gnolls and a bullfrog zombie.

Vanquished Creatures
  2 worms (D:2)
  A dart slug (D:3)
  2 bats (D:1)
  3 giant cockroaches
  2 goblins (D:2)
  3 hobgoblins
  8 jackals
  3 frilled lizards (D:1)
  8 kobolds
  7 rats
39 creatures vanquished.

Notes
Turn   | Place    | Note
-------+----------+-------------------------------------------
     0 | D:1      | lauthentik the Vampire Enchanter began the quest for the Orb.
     0 | D:1      | Reached XP level 1. HP: 13/13 MP: 3/3
   367 | D:1      | Reached XP level 2. HP: 9/19 MP: 5/5
   374 | D:1      | Learned a level 2 spell: Ensorcelled Hibernation
  1491 | D:2      | Reached XP level 3. HP: 24/24 MP: 6/6
  1649 | D:2      | Reached skill level 5 in Stealth
  1954 | D:2      | Learned a level 3 spell: Confuse
  2016 | D:3      | Noticed Inkary's ghost (weakling MiFi)
  2047 | D:3      | HP: 1/24 [bullfrog zombie (5)]
  2051 | D:3      | Slain by a bullfrog zombie

Skill      XL: |  1  2  3 |
---------------+----------+-----
Stealth        | 5 |  5.3
Fighting       | |  0.1
Short Blades   | |  1.7
Dodging        | |  2.4
Spellcasting   | |  2.3
Hexes          | |  4.9
Ice Magic      | |  0.6

Action                   || total
-------------------------++-------
Melee: Dagger            ||   115
       Bite              ||     5
 Cast: Corona            ||     2
       Ensorcelled Hiber ||    13
       Confuse           ||     2
 Stab: Sleeping          ||    24
       Distracted        ||     1
  Eat: Corpse            ||     1
Armor: Robe              ||    37
Dodge: Dodged            ||    95
